 Dungeon Crawl Stone Soup version 0.21.1-1-g345015f (webtiles) character file.

2142 KeynesianYama the Cleaver (level 9, -3/80 HPs)
             Began as a Hill Orc Monk on Mar 20, 2018.
             Was a Follower of Beogh.
             Slain by a killer bee (7 damage)
             ... on level 7 of the Dungeon on Mar 22, 2018.
             The game lasted 00:33:35 (8781 turns).

KeynesianYama the Cleaver (Hill Orc Monk)           Turns: 8781, Time: 00:33:35

Health: -3/80      AC:  7    Str: 17    XL:     9   Next: 30%
Magic:  12/12      EV:  9    Int: 10    God:    Beogh [*.....]
Gold:   425        SH:  0    Dex: 13    Spells: 8/8 levels left

rFire    . . .     SeeInvis .   a - +0 hand axe
rCold    . . .     Gourm    .   (no shield)
rNeg     . . .     Faith    .   w - +0 chain mail
rPois    .         Spirit   .   (helmet restricted)
rElec    .         Reflect  .   (no cloak)
rCorr    .         Harm     .   m - +0 pair of gloves
MR       .....                  (no boots)
Stlth    ..........             (no amulet)
HPRegen  0.23/turn              (no ring)
MPRegen  0.13/turn              (no ring)

@: lethally poisoned (-3 -> -4)
A: antennae 1, deformed body, sturdy frame 1
a: Renounce Religion


You were on level 7 of the Dungeon.
You worshipped Beogh.
Beogh was aware of your devotion.
You were not hungry.

You visited 1 branch of the dungeon, and saw 9 of its levels.

You collected 425 gold pieces.

Inventory:

Hand Weapons
 a - a +0 hand axe (weapon)
 n - a +0 hand axe
Missiles
 g - 249 stones (quivered)
 l - 17 tomahawks
Armour
 m - a +0 pair of gloves (worn)
 w - a +0 chain mail (worn)
Jewellery
 x - an uncursed ring of flight {unknown}
 G - an uncursed amulet of faith {unknown}
Wands
 o - a wand of polymorph (9)
 H - a wand of iceblast (7)
Scrolls
 d - a scroll of random uselessness {unknown}
 e - 14 scrolls of identify {unknown}
 f - 2 scrolls of amnesia {unknown}
 j - a scroll of magic mapping {unknown}
 q - 7 scrolls of remove curse {unknown}
 t - 3 scrolls of enchant weapon {unknown}
 v - 2 scrolls of teleportation {unknown}
 y - a scroll of enchant armour {unknown}
 z - a scroll of immolation {unknown}
 B - a scroll of holy word {unknown}
 D - a scroll of noise {unknown}
 F - a scroll of blinking {unknown}
Potions
 b - a potion of cancellation {unknown}
 h - a potion of mutation
 i - a potion of resistance {unknown}
 k - a potion of lignification {unknown}
 r - 5 potions of curing
 s - a potion of haste
 u - a potion of might {unknown}
 A - a potion of flight {unknown}
 E - a potion of magic {unknown}
 I - 2 potions of berserk rage {unknown}
Books
 C - a book of Minor Magic

   Spells                             Type                      Level
   a - Magic Dart                     Conjuration                  1
   b - Blink                          Translocation                2
   c - Call Imp                       Summoning                    2
   d - Slow                           Hexes                        2
   e - Conjure Flame                  Conjuration/Fire             3
   f - Mephitic Cloud                 Conjuration/Poison/Air       3
 J - a book of Changes

   Spells                             Type                      Level
   a - Beastly Appendage              Transmutation                1
   b - Sticks to Snakes               Transmutation                2
   c - Spider Form                    Transmutation/Poison         3
   d - Ice Form                       Ice/Transmutation            4
   e - Blade Hands                    Transmutation                5
Comestibles
 c - 6 rations
 K - 2 chunks of flesh


   Skills:
 + Level 7.7 Fighting
 * Level 11.1 Axes
 + Level 6.0 Armour
 - Level 2.4 Dodging
 - Level 1.6 Stealth
 + Level 4.7 Invocations


You had 8 spell levels left.
You didn't know any spells.

Dungeon Overview and Level Annotations

Branches:
Dungeon (9/15)
 Temple: D:4-7         Lair: D:8-11         Orc: D:9-12

Altars:
Ashenzari
Fedhas
Hepliaklqana
Nemelex Xobeh
Qazlal
Ru
Wu Jian
Xom
Zin
The Shining One

Shops:
D:6 ([


Innate Abilities, Weirdness & Mutations

You have a pair of small antennae on your head.
Armour fits poorly on your strangely shaped body.
Your movements are slightly less encumbered by armour. (ER -2)


Message History

The killer bee stings you but does no damage.
The killer bee stings you.
* * * LOW HITPOINT WARNING * * *
You hit the orc.
The orc is almost dead.
You completely miss the killer bee.
* * * LOW HITPOINT WARNING * * *
You feel sick. The killer bee barely misses you. The orc closely misses you.
Unknown command.
You feel better. The killer bee barely misses you. The killer bee stings you!
* * * LOW HITPOINT WARNING * * *
You are poisoned.
The killer bee poisons you! The orc hits you but does no damage.
You hit the orc.
You kill the orc!
Beogh accepts your kill.
You hit the killer bee.
You feel sick. The killer bee stings you.
* * * LOW HITPOINT WARNING * * *
The killer bee stings you!
You die...

#..... ..#.....
#.#.....##########
#.................
#.#.#.##..........
#.#.#.##.......... #
#.#.#.##.......... .#
#y#.#.##.......... ..#
#@)...............
#...###
###.#.##..........
^...... ..
...#.##.......... #...###
#####.#####.##..........
# .....
...........##.......... #
####
####.....................
#
..................#....##
#
#....(...........#....##
# #.........(....##...##


You could see a killer bee.

Vanquished Creatures
  The ghost of GoodBoy the Sneak, an amateur VSAs (D:3)
  A wyvern (D:8)
  A hungry ghost (D:7)
  Duvessa (D:6)
  A water moccasin (D:5)
  An orc warrior (D:6)
  A black bear (D:6)
  A phantom (D:6)
  A centaur (D:4)
  2 bullfrogs (D:6)
  Dowan (D:6)
  A scorpion (D:5)
  A killer bee (D:7)
  A jelly (D:7)
  4 hounds (D:5)
  4 orc priests
  A bullfrog skeleton (D:8)
  10 orc wizards
  3 worker ants
  A hound zombie (D:5)
  8 adders
  A shadow imp (D:6)
  3 worms (D:2)
  A dart slug (D:1)
  7 leopard geckos
  28 orcs
  10 bats
  4 giant cockroaches
  6 goblins
  12 hobgoblins
  4 jackals (D:2)
  11 kobolds
  4 quokkas
  2 ball pythons
  7 frilled lizards
  9 rats
155 creatures vanquished.

Vanquished Creatures (others)
  An orc priest (D:4)
1 creature vanquished.

Grand Total: 156 creatures vanquished

Notes
Turn   | Place    | Note
-------+----------+-------------------------------------------
     0 | D:1      | KeynesianYama the Hill Orc Monk began the quest for the Orb.
     0 | D:1      | Reached XP level 1. HP: 19/19 MP: 1/1
   228 | D:1      | Reached XP level 2. HP: 23/27 MP: 2/2
   982 | D:1      | Reached skill level 1 in Armour
   989 | D:1      | Reached XP level 3. HP: 32/33 MP: 3/3
  1099 | D:2      | Reached skill level 5 in Axes
  1664 | D:2      | Reached XP level 4. HP: 37/40 MP: 4/4
  1726 | D:2      | Found a sacrificial altar of Ru.
  2753 | D:3      | Reached XP level 5. HP: 47/47 MP: 5/5
  3007 | D:3      | Reached skill level 6 in Axes
  3092 | D:3      | Noticed GoodBoy's ghost (amateur VSAs)
  3121 | D:3      | Killed GoodBoy's ghost
  3121 | D:3      | Reached skill level 5 in Fighting
  3121 | D:3      | Reached XP level 6. HP: 48/56 MP: 6/6
  3292 | D:3      | Reached skill level 7 in Axes
  3699 | D:4      | Became a worshipper of Beogh the Brigand
  3699 | D:4      | Reached * piety under Beogh
  3699 | D:4      | Reached ** piety under Beogh
  4123 | D:4      | Found a blossoming altar of Fedhas.
  4127 | D:5      | Entered Level 5 of the Dungeon
  4392 | D:4      | Reached XP level 7. HP: 25/62 MP: 7/7
  4682 | D:4      | Found an ornate altar of the Wu Jian Council.
  4734 | D:4      | Found a stormy altar of Qazlal.
  4808 | D:4      | Found a glowing silver altar of Zin.
  5382 | D:5      | Found a shimmering altar of Xom.
  5462 | D:5      | Reached skill level 8 in Axes
  5493 | D:5      | Found a shimmering altar of Xom.
  5493 | D:5      | Found a shimmering altar of Xom.
  5494 | D:5      | Found a shimmering altar of Xom.
  5496 | D:5      | Found a shimmering altar of Xom.
  5501 | D:5      | Found a shimmering altar of Xom.
  5501 | D:5      | Found a shimmering altar of Xom.
  5814 | D:5      | Found a hazy altar of Hepliaklqana.
  5853 | D:5      | Found a glowing golden altar of the Shining One.
  6412 | D:6      | Reached skill level 9 in Axes
  6412 | D:6      | Reached skill level 1 in Invocations
  6412 | D:6      | Reached XP level 8. HP: 63/71 MP: 7/9
  6441 | D:6      | Found Yshruh's Antique Armour Emporium.
  6546 | D:6      | Found Hazin's Antique Weapon Boutique.
  6767 | D:6      | Found a sparkling altar of Nemelex Xobeh.
  6869 | D:6      | Noticed Duvessa
  6872 | D:6      | Noticed Dowan
  6876 | D:6      | Reached skill level 5 in Armour
  6882 | D:6      | Killed Duvessa
  6882 | D:6      | Reached skill level 10 in Axes
  6886 | D:6      | Killed Dowan
  7650 | D:7      | Reached XP level 9. HP: 70/79 MP: 11/11
  8200 | D:8      | Gained mutation: You have a pair of small antennae on your head. [potion of mutation]
  8200 | D:8      | Gained mutation: Armour fits poorly on your strangely shaped body. [potion of mutation]
  8200 | D:8      | Gained mutation: Your movements are slightly less encumbered by armour. (ER -2) [potion of mutation]
  8523 | D:8      | Found a shattered altar of Ashenzari.
  8643 | D:8      | Reached skill level 11 in Axes
  8781 | D:7      | HP: 4/80 [killer bee (4)]
  8781 | D:7      | Slain by a killer bee

Skill      XL: |  1  2  3  4  5  6  7  8  9 |
---------------+----------------------------+-----
Fighting       | 4 5 6 7 |  7.7
Armour         | 1 2 3 4 5 6 |  6.0
Axes           | 5 6 7 9 10 11 | 11.1
Invocations    | 1 3 4 |  4.7
Dodging        | |  2.4
Stealth        | |  1.6

Action                   |  1- 3 |  4- 6 |  7- 9 || total
-------------------------+-------+-------+-------++-------
Melee: Hand axe          |   105 |   208 |   461 ||   774
Invok: Convert to Beogh  |       |     1 |       ||     1
       Smiting           |       |       |    11 ||    11
  Use: Potion            |     1 |       |     6 ||     7
 Stab: Paralysed         |       |     1 |       ||     1
  Eat: Chunk             |     2 |     6 |    11 ||    19
       Ration            |       |     1 |     5 ||     6
Armor: Robe              |     1 |       |       ||     1
       Ring mail         |    32 |    20 |       ||    52
       Scale mail        |       |    33 |       ||    33
       Chain mail        |       |    49 |   225 ||   274
Dodge: Dodged            |    54 |   102 |   149 ||   305
